 Dungeon Crawl Stone Soup version 0.28-a0-991-g956f0ee3d5 (webtiles) character file.

Game seed: 17675365033309424913

1260 oldriver the Thaumaturge (level 8, -13/58 HPs)
             Began as a Purple Draconian Conjurer on Dec 5, 2021.
             Killed from afar by Maggie (20 damage)
             ... with a bolt of fire
             ... on level 6 of the Dungeon.
             The game lasted 00:08:14 (5522 turns).

oldriver the Thaumaturge (DrCj)                     Turns: 5522, Time: 00:08:15

Health: -13/58     AC:  8    Str:  7 (10) XL:     8   Next: 27%
Magic:  21/21      EV: 12    Int: 19 (20) God:
Gold:   234        SH:  0    Dex: 10 (12) Spells: 15/26 levels left

rFire   . . .      SeeInvis .   i - +2 mace (spect)
rCold   . . .      Faith    .   (no shield)
rNeg    . . .      Spirit   .   (armour unavailable)
rPois   .          Reflect  .   (helmet restricted)
rElec   .          Harm     .   d - +1 cloak
rCorr   .          Rampage  .   (no gloves)
Will    +....                   (no boots)
Stlth   ++........              (no amulet)
HPRegen 0.19/turn               h - +4 ring of slaying
MPRegen 0.17/turn               (no ring)

@: mesmerised
A: breathe power, AC +6, unfitting armour, cold-blooded, agile 1
a: Breathe Dispelling Energy


You were on level 6 of the Dungeon.
You visited 1 branch of the dungeon, and saw 6 of its levels.

You collected 234 gold pieces.

Inventory:

Hand Weapons
 i - a +2 spectral mace (weapon)
Armour
 d - a +1 cloak (worn)
Jewellery
 h - a +4 ring of slaying (left hand)
 l - a ring of protection from cold
Scrolls
 b - 3 scrolls of immolation
 k - a scroll of brand weapon
 n - a scroll of enchant armour
 p - a scroll of teleportation
Potions
 g - a potion of mutation
 j - a potion of degeneration
 o - a potion of berserk rage


   Skills:
 + Level 0.6 Fighting
 + Level 2.7 Dodging
 + Level 2.3 Stealth
 * Level 9.5 Spellcasting
 + Level 5.5 Conjurations
 * Level 1.7 Hexes
 * Level 1.1 Translocations


You had 15 spell levels left.
You knew the following spells:

 Your Spells              Type           Power      Damage    Failure   Level
a - Magic Dart            Conj           100%       1d8       1%          1
b - Searing Ray           Conj           60%        2d6       1%          2
c - Iskenderun's Mystic   Conj/Tloc      21%        2d6       21%         4
d - Fulminant Prism       Conj/Hex       11%        3d9       17%         4

Your spell library contained the following spells:

 Spells                   Type           Power      Damage    Failure   Level
 Dazzling Flash           Conj/Hex       44%        N/A       5%          3
 Mephitic Cloud           Conj/Pois/Air  16%        N/A       11%         3
 Call Imp                 Summ           9%         N/A       12%         2
 Portal Projectile        Hex/Tloc       28%        N/A       13%         3
 Gell's Gravitas          Tloc           13%        N/A       14%         3
 Teleport Other           Tloc           13%        N/A       14%         3
 Call Canine Familiar     Summ           9%         N/A       24%         3
 Leda's Liquefaction      Hex/Erth       6%         N/A       47%         4
 Petrify                  Tmut/Erth      9%         N/A       61%         4
 Metabolic Englaciation   Hex/Ice        6%         N/A       83%         5
 Blade Hands              Tmut           4%         N/A       91%         5
 Excruciating Wounds      Necr           4%         N/A       91%         5
 Dispersal                Tloc           6%         N/A       100%        6
 Statue Form              Tmut/Erth      6%         N/A       100%        6


Dungeon Overview and Level Annotations

Branches:
Dungeon (6/15)
 Temple: D:4-7

Altars:
Ru
Uskayaw

Shops:
D:3 (   D:6 *

Portals:
Sewer: D:6

Annotations:
D:6 Maggie


Innate Abilities, Weirdness & Mutations

You can breathe bolts of dispelling energy.
Your rich purple scales are hard. (AC +6)
You cannot fit into any form of body armour.
You are cold-blooded and may be slowed by cold attacks.
You are agile. (Dex +2)


Message History

Maggie splashes around in the water.
Maggie hits you with a +1 scimitar of distortion.
Space warps around you.
Okay, then.
The magic dart hits Maggie but does no damage.
Maggie is lightly wounded.
The adder bites you but does no damage.
Maggie points at you and mumbles some strange words.
The bolt of fire hits you!!
* * * LOW HITPOINT WARNING * * *
The bolt of fire hits the adder!
The adder dies!
As you read the scroll labelled YSYJA DATY, it crumbles to dust.
It is a scroll of amnesia.
Really abort (and waste the scroll)?
Okay, then.
You are engulfed in a cloud of scalding steam.
* * * LOW HITPOINT WARNING * * *
Maggie hits you but does no damage. Space warps around you.
* * * LOW HITPOINT WARNING * * *
Maggie splashes around in the water.
It was a potion of mutation.
You feel extremely strange.
You feel less in control of your magic.
You regain control of your magic.
You feel agile.
You are engulfed in a cloud of scalding steam.
* * * LOW HITPOINT WARNING * * *
Maggie mumbles some strange words.
Maggie draws you further into her thrall.
It was a potion of degeneration.
There was something very wrong with that liquid.
You feel weakened.
You feel dopey.
You feel clumsy. Maggie closely misses you.
Maggie splashes around in the water.
It was a potion of berserk rage.
You are too mesmerised to rage.
Maggie barely misses you.
Okay, then.
It was a potion of magic.
Magic courses through your body.
Maggie splashes around in the water.
Maggie gestures at you while chanting. The bolt of fire hits you!!
You die...

#### #........
####.#......
##...........
##..#...#.....
##...≈≈≈≈≈.....
...#≈≈≈≈≈≈≈#...
...≈≈≈≈≈≈≈≈...#..
....≈≈†@@≈≈......
...≈≈≈≈≈≈≈≈......
...#≈≈≈≈≈≈≈#....$
.....≈≈≈≈≈......
###..#...#......
#........#...
#.....+..#...
#.....#..# .)
#..:..#..####


You could see Maggie (mesmerising, fast).

Vanquished Creatures
  Grinder (D:4)
  Menkaure (D:4)
  A necrophage (D:3)
  2 ogres
  A water moccasin zombie (D:5)
  A wyvern skeleton (D:5)
  3 orc priests
  A bullfrog zombie (D:6)
  2 centaur skeletons
  A gnoll shaman (D:5)
  A hound (D:4)
  2 iguanas
  An orc wizard (D:4)
  A hound zombie (D:5)
  2 hound skeletons (D:5)
  4 gnolls (D:4)
  A howler monkey skeleton (D:5)
  8 adders
  A white imp (D:6)
  An ufetubus (D:4)
  2 worms
  A dart slug (D:1)
  17 orcs
  10 ball pythons
  2 bats (D:1)
  2 endoplasms (D:4)
  3 giant cockroaches
  8 goblins
  8 hobgoblins
  2 jackals (D:5)
  5 kobolds
  A quokka (D:5)
  2 frilled lizards
  4 rats
103 creatures vanquished.

Vanquished Creatures (others)
  An adder (D:6)
1 creature vanquished.

Grand Total: 104 creatures vanquished

Notes
Turn   | Place    | Note
-------+----------+-------------------------------------------
     0 | D:1      | oldriver the Draconian Conjurer began the quest for the
                  | Orb.
     0 | D:1      | Reached XP level 1. HP: 14/14 MP: 3/3
   212 | D:1      | Reached XP level 2. HP: 20/20 MP: 3/5
   483 | D:1      | Reached skill level 3 in Spellcasting
   734 | D:1      | Found a faded altar of an unknown god.
  1143 | D:2      | Reached XP level 3. HP: 26/26 MP: 3/7
  1843 | D:2      | Reached skill level 4 in Spellcasting
  2076 | D:3      | Reached XP level 4. HP: 33/33 MP: 7/10
  2182 | D:3      | You fall into a shaft and drop 1 floor!
  2182 | D:4      | Noticed a necrophage
  2183 | D:4      | Noticed Grinder
  2201 | D:3      | Learned a level 2 spell: Searing Ray
  2206 | D:3      | Learned a level 4 spell: Iskenderun's Mystic Blast
  2211 | D:3      | Learned a level 4 spell: Fulminant Prism
  2753 | D:3      | Found Hoamet's Weapon Boutique.
  2759 | D:3      | Reached XP level 5. HP: 38/38 MP: 9/12
  3101 | D:3      | Killed a necrophage
  3102 | D:3      | Reached skill level 5 in Spellcasting
  3153 | D:4      | Noticed Menkaure
  3364 | D:4      | Killed Menkaure
  3365 | D:4      | Reached XP level 6. HP: 25/45 MP: 6/14
  3499 | D:4      | Reached skill level 6 in Spellcasting
  3808 | D:4      | Found a sacrificial altar of Ru.
  3858 | D:4      | Killed Grinder
  3859 | D:4      | Your scales start taking on a rich purple colour.
  3859 | D:4      | Reached skill level 8 in Spellcasting
  3859 | D:4      | Reached XP level 7. HP: 51/51 MP: 2/18
  4329 | D:5      | Entered Level 5 of the Dungeon
  4338 | D:5      | Reached skill level 5 in Conjurations
  4592 | D:5      | Reached skill level 1 in Hexes
  5087 | D:5      | Reached skill level 9 in Spellcasting
  5087 | D:5      | Reached XP level 8. HP: 58/58 MP: 14/21
  5331 | D:6      | Found a hide-covered altar of Uskayaw.
  5406 | D:6      | Reached skill level 1 in Translocations
  5428 | D:6      | Found Cuax's Commerce Corner.
  5495 | D:6      | Found a glowing drain.
  5507 | D:6      | Noticed Maggie
  5519 | D:6      | Gained mutation: Your spells are a little harder to cast,
                  | but a little more powerful. [potion of mutation]
  5519 | D:6      | Lost mutation: Your spells are a little harder to cast, but
                  | a little more powerful. [potion of mutation]
  5519 | D:6      | Gained mutation: You are agile. (Dex +2) [potion of
                  | mutation]
  5522 | D:6      | Killed from afar by Maggie

Illustrated notes

Levels and vault maps discovered:
D:1:      enne_arrival_octagon_isle, layout_loops_ring,
          hellmonk_ecumenical_altar_leap_of_faith
D:2:      layout_basic, minivault_14
D:3:      layout_basic, serial_shops, shop_statue, minmay_misc_feat_four_crosses
D:4:      layout_rooms, mainiacjoe_overflow_small_starburst, uniq_grinder,
          uniq_menkaure
D:5:      layout_cave_pools, minmay_between
D:6:      minmay_opposing_rooms, layout_basic, nicolae_uskayaw_dance_hall,
          gup_ossuary_entry_pyramid, cheibrodos_sewer_entry_drain,
          grunt_ministairs_13, nicolae_alphabet_shops,
          chequers_serial_rivers_small_a, uniq_maggie

Skill      XL: |  1  2  3  4  5  6  7  8 |
---------------+-------------------------+-----
Spellcasting   | 3 4 5 8 9 |  9.5
Stealth        | 2 |  2.3
Conjurations   | 5 |  5.5
Hexes          | 1 |  1.7
Dodging        | 2 |  2.7
Translocations | 1 |  1.1
Fighting       | |  0.6

Action                   |  1- 3 |  4- 6 |  7- 9 || total
-------------------------+-------+-------+-------++-------
Melee: Mace              |       |     8 |     1 ||     9
       Tailslap          |       |     1 |       ||     1
 Cast: Magic Dart        |    75 |    66 |    69 ||   210
       Searing Ray       |       |     9 |    16 ||    25
  Use: Scroll            |       |       |     9 ||     9
       Potion            |       |       |     4 ||     4
Armor: Skin              |     2 |     8 |    13 ||    23
Dodge: Dodged            |     1 |     9 |    23 ||    33

Table legend: (Time is in decaauts)
 A = Elapsed time spent in this place.
 B = Non-inter-level travel time spent in this place.
 C = Inter-level travel time spent in this place.
 D = Time resting spent in this place.
 E = Time spent auto-exploring this place.
 F = Levels seen in this place.
 G = Mean time per level.
                   A        B        C        D        E       F      G
               +--------+--------+--------+--------+--------+-----+--------+
         Total |   5533 |   5361 |    172 |    856 |   3746 |   6 |  922.2 |
       Dungeon |   5533 |   5361 |    172 |    856 |   3746 |   6 |  922.2 |
               +--------+--------+--------+--------+--------+-----+--------+

Top non-repeatable levels by time:
     D:3: 1287 daAuts
     D:1: 1140 daAuts
     D:4: 1019 daAuts
     D:5: 981 daAuts
     D:2: 887 daAuts
     D:6: 217 daAuts
